AoeStats
← FuzzyPeaches

Arabia

509027497Analyzed
1v1 RM · 6d ago on Sep 25, 2026· 49m 41s· 2 players
Game mode
Random Map
Map size
Tiny (2 player)
Population
200
Speed
Normal
Resources
Standard
Victory
Conquest
Starting age
Dark Age
Ending age
Imperial Age
RankedLock teamsTeams togetherTeam positionsShared explorationLock speedFull tech treeHidden civsTurbo modeCheats
Victory
Defeat
🇨🇦 Saxons · Canada
1177
+14
🇭🇰 Byzantines · Hong Kong SAR China
1142
-14
MOON
7:48 Loom
10:12 Feudal Age
10:43 Double-Bit Axe
17:41 Fletching
21:38 Horse Collar
22:11 Padded Archer Armor
25:11 Wheelbarrow
29:15 Castle Age
28:29 Gold Mining
30:08 Bodkin Arrow
30:33 Guard Tower
31:59 Scale Barding Armor
32:05 Forging
32:43 Husbandry
33:02 Murder Holes
33:38 Ballistics
34:56 Bow Saw
35:26 Chain Barding Armor
36:40 Thumb Ring
40:31 Gold Shaft Mining
42:16 Stone Mining
51:26 Imperial Age
51:41 Imperial Age
FuzzyPeaches
7:27 Loom
10:06 Feudal Age
10:27 Man-at-Arms
10:53 Double-Bit Axe
18:21 Fletching
21:41 Castle Age
21:52 Crossbowman
22:49 Bodkin Arrow
25:45 Stone Mining
32:16 Squires
31:37 Pikeman
33:10 Wheelbarrow
36:04 Gold Mining
37:53 Scale Mail Armor
38:05 Forging
40:44 Squires
40:29 Gambesons
41:14 Horse Collar
44:02 Chain Mail Armor
44:22 Iron Casting
44:25 Town Watch
49:32 Imperial Age
49:32 Gold Shaft Mining
Connection lost

Rejoining the realm…

Still unreachable

The connection could not be restored.

Session expired

The server has moved on; the page needs a fresh start.